 Dungeon Crawl Stone Soup version 0.31-a0-1499-ge0622b2318 (webtiles) character file.

Game seed: 6245743707164948711

16981 jasper the Mimic (level 12, -31/106 HPs)
             Began as a Red Draconian Shapeshifter on Dec 29, 2023.
             Was a High Priest of Wu Jian.
             Annihilated by a very large slime creature (56 damage)
             ... on level 12 of the Dungeon.
             The game lasted 00:16:00 (10767 turns).

jasper the Mimic (Red Draconian Shapeshifter)      Turns: 10767, Time: 00:16:01

Health: -31/106    AC: 11    Str: 27    XL:     12   Next: 14%
Magic:  12/12      EV: 12    Int: 11    God:    Wu Jian [*****.]
Gold:   566        SH:  0    Dex: 11    Spells: 11/11 levels left

rFire   + .          .
                       - Unarmed
rCold   . . .        (shield currently unavailable)
rNeg    + . .        (body armour unavailable)
rPois   .            (helmet restricted)
rElec   .            u - +2 cloak
rCorr   .            v - melded +0 pair of gloves
SInv    .            (no boots)
Will    .....        h - amulet of the acrobat
Stlth   +            n - ring of positive energy
HPRegen 0.37/turn    C - +6 ring of strength
MPRegen 0.13/turn

%: acrobat
@: blade hands
A: breathe fire, AC +8, unfitting armour, fire resistance 1, cold-blooded
a: Breathe Fire, Begin Untransformation, Renounce Religion, Wall Jump, Serpent's
Lash, Heavenly Storm


You were on level 12 of the Dungeon.
You worshipped Wu Jian.
Wu Jian was extremely pleased with you.
You had blades for hands.
You visited 2 branches of the dungeon, and saw 13 of its levels.
You also visited: Sewer.

You collected 1112 gold pieces.
You spent 546 gold pieces at shops.

Inventory:

Missiles
 a - 40 poisoned darts
 e - 3 boomerangs
 i - 106 stones
 j - 3 atropa-tipped darts
 q - 3 javelins
 D - a throwing net
 F - a curare-tipped dart
Armour
 u - a +2 cloak (worn)
 v - a +0 pair of gloves (melded)
 w - an orb of energy
 y - a +0 kite shield
Jewellery
 h - an amulet of the acrobat (around neck)
 n - a ring of positive energy (left blade hand)
 C - a +6 ring of strength (right blade hand)
Talismans
 b - a beast talisman
 c - a flux talisman
 s - a blade talisman (active)
Wands
 d - a wand of acid (11)
 x - a wand of paralysis (14)
 G - a wand of flame (6)
 K - a wand of digging (6)
Scrolls
 l - 2 scrolls of fog
 o - 3 scrolls of teleportation
 p - a scroll of amnesia
 r - 3 scrolls of revelation
 z - a scroll of vulnerability
 E - 4 scrolls of identify
 H - 3 scrolls of blinking
 L - a scroll of immolation
 N - a scroll of brand weapon
 O - a scroll of silence
Potions
 f - 2 potions of brilliance
 g - 7 potions of curing
 k - 4 potions of enlightenment
 m - 3 potions of might
 t - 2 potions of haste
 A - a potion of lignification
 B - a potion of mutation
 J - a potion of ambrosia
 M - a potion of heal wounds
Miscellaneous
 I - a lightning rod (4/4)


   Skills:
 - Level 10.0 Fighting
 - Level 1.7 Dodging
 - Level 10.0 Unarmed Combat
 + Level 14.3 Shapeshifting


You had 11 spell levels left.
You didn't know any spells.
Your spell library contained the following spells:

 Spells                   Type           Power      Damage    Failure   Level
 Sting                    Conj/Alch      0%         1d3       34%         1
 Mercury Vapours          Alch/Air       0%         N/A       47%         2
 Hailstorm                Conj/Ice       0%         3d5       71%         3
 Summon Ice Beast         Ice/Summ       0%         N/A       71%         3
 Tukima's Dance           Hex            0%         N/A       71%         3
 Olgreb's Toxic Radiance  Alch           0%         N/A       98%         4
 Passage of Golubria      Tloc           0%         N/A       98%         4
 Iskenderun's Battlesphe  Conj           0%         2d6       100%        5
 Yara's Violent Unravell  Hex/Alch       0%         3d3       100%        5
 Bombard                  Conj/Erth      0%         9d1       100%        6
 Sculpt Simulacrum        Ice/Alch       0%         N/A       100%        6
 Spellforged Servitor     Conj/Summ      0%         N/A       100%        7


Dungeon Overview and Level Annotations

Branches:
Dungeon (12/15)            Temple (1/1) D:4            Lair (0/5) D:8
    Orc (0/2) D:9           Sewer (visited)

Altars:
Ashenzari
Cheibriados
Dithmenos
Elyvilon
Fedhas
Gozag
Hepliaklqana
Kikubaaqudgha
Makhleb
Nemelex Xobeh
Okawaru
Qazlal
Ru
Sif Muna
Trog
Uskayaw
Vehumet
Wu Jian
Xom
Yredelemnul
Zin
The Shining One

Shops:
D:1 [   D:2 :   D:9 *   D:10 *

Annotations:
D:5 BigPumpCobain's ghost, novice TrSh
D:8 1 runed translucent door
D:9 exclusion: statue


Innate Abilities, Weirdness & Mutations

You have blades for hands.
You are incapable of wielding weapons or throwing items.
You can breathe blasts of fire.
Your fiery red scales are hard. (AC +8)
You cannot fit into any form of body armour.
Your flesh is heat resistant. (rF+)
You are cold-blooded and may be slowed by cold attacks.


Message History

You barely miss the large slime creature.
You slash the large slime creature.
The large slime creature is moderately wounded.
You have got your breath back.
A slime creature merges with something you can't see.
You slice the large slime creature!!
You tail-slap the large slime creature, but do no damage.
The large slime creature is heavily wounded.
The large slime creature hits you!!
You take 21 damage, and have 74/106 hp.
You hit the large slime creature.
The large slime creature is heavily wounded.
A slime creature merges with something you can't see.
The large slime creature hits you!
You take 9 damage, and have 65/106 hp.
You slash the large slime creature! You tail-slap the large slime creature.
The large slime creature is heavily wounded.
You slice the large slime creature!!
The large slime creature is severely wounded.
The large slime creature hits you!
Two slime creatures merge to form a very large slime creature.
You take 9 damage, and have 57/106 hp.
You shred the very large slime creature!!!
The very large slime creature is severely wounded.
You slash the very large slime creature!
The very large slime creature is almost dead.
The very large slime creature hits you!!
* * * LOW HITPOINT WARNING * * *
You take 32 damage, and have 25/106 hp.
MASSIVE DAMAGE!!
The very large slime creature attacks as it pursues you!
The very large slime creature completely misses you.
You slash the very large slime creature!
The very large slime creature is almost dead.
The very large slime creature hits you!!
* * * LOW HITPOINT WARNING * * *
You take 18 damage, and have 7/106 hp.
You feel much better.
The very large slime creature hits you!!!
Ouch! That really hurt!
You die...

#.# ..###. #.# #
........... .#
..#..#.##.##.#
..........#.##.
...............
##............
#####........# ..
.###@JJl........##...
#.......##y.............
..##....##.........#..#.
##..#.###..............
##..##.##...........#...
...
###..#....................
....
##...#....................#
....#
#..##................####..
..#.#
#.##..#..............# ##


You could see 2 very large slime creatures, a komodo dragon and a vampire
mosquito.

Vanquished Creatures
  A boulder beetle (D:9)
  A two-headed ogre (D:11)
  Lodul (D:11)
  2 orc sorcerers (D:9)
  A deep elf pyromancer (D:9)
  A manticore (D:12)
  Maurice (D:8)
  3 cyclopes (D:9)
  Jeremiah (D:7)
  Psyche (D:9)
  2 trolls
  4 hornets
  A slime creature (D:9)
  4 wraiths
  3 wyverns
  A basilisk (D:9)
  25 yaks
  3 vampire mosquitoes
  Eustachio (D:6)
  2 acid dragons (D:9)
  2 water moccasins
  2 orc warriors (D:9)
  An ice beast (D:6)
  3 black bears
  8 ogres
  3 centaurs
  3 phantoms (D:5)
  4 kobold brigands
  A gnoll sergeant (D:8)
  4 bullfrogs
  14 scorpions
  5 wights (D:6)
  5 howler monkeys
  An electric eel (D:9)
  A jelly (D:8)
  2 orc priests
  3 hounds
  2 gnoll boudas
  A sleepcap (D:6)
  Jessica (D:2)
  4 iguanas
  8 orc wizards
  A human simulacrum (D:11)
  12 gnolls
  5 river rats
  10 adders
  5 ribbon worms
  2 shadow imps
  4 ufetubi
  A dart slug (D:1)
  24 orcs
  7 ball pythons
  9 endoplasms
  7 giant cockroaches
  5 goblins
  9 hobgoblins
  3 jackals (D:3)
  9 kobolds
  4 quokkas
  5 bats
  3 frilled lizards
  6 rats
  3 butterflies (D:8)
271 creatures vanquished.

Vanquished Creatures (others)
  A human simulacrum (D:11)
1 creature vanquished.

Grand Total: 272 creatures vanquished

Notes
Turn   | Place    | Note
-------+----------+-------------------------------------------
     0 | D:1      | jasper the Draconian Shapeshifter began the quest for the
                  | Orb.
     0 | D:1      | Reached XP level 1. HP: 16/16 MP: 1/1
    31 | D:1      | Found Onoac's Antique Armour Emporium.
   116 | D:1      | Reached XP level 2. HP: 17/23 MP: 2/2
   846 | D:2      | Noticed Jessica
   849 | D:2      | Killed Jessica
   850 | D:2      | Reached XP level 3. HP: 22/28 MP: 3/3
   897 | D:2      | Found Uhuegrul's Book Shoppe.
   964 | D:2      | You fall into a shaft and drop 2 floors!
   966 | D:4      | Noticed an ogre
   973 | D:4      | Killed an ogre
   974 | D:4      | Reached skill level 5 in Unarmed Combat
   974 | D:4      | Reached XP level 4. HP: 35/35 MP: 4/4
   974 | D:4      | Reached XP level 5. HP: 40/40 MP: 5/5
  1193 | D:4      | Reached XP level 6. HP: 24/47 MP: 6/6
  1217 | D:4      | Found a staircase to the Ecumenical Temple.
  1233 | Temple   | Entered the Ecumenical Temple
  1297 | Temple   | Became a worshipper of the Wu Jian Council
  1455 | D:4      | Found a glowing drain.
  1463 | Sewer    | Entered a sewer
  1625 | Sewer    | Found a white marble altar of Elyvilon.
  1869 | D:3      | Your scales start taking on a fiery red colour.
  1869 | D:3      | Reached XP level 7. HP: 52/52 MP: 7/7
  1869 | D:3      | Gained mutation: Your flesh is heat resistant. (rF+) [Red
                  | Draconian growth]
  1955 | D:3      | Reached * piety under Wu Jian
  2885 | D:4      | Reached ** piety under Wu Jian
  3436 | D:5      | Entered Level 5 of the Dungeon
  3575 | D:5      | Noticed BigPumpCobain's ghost (novice TrSh)
  3663 | D:5      | Noticed a vampire
  3809 | D:5      | Reached XP level 8. HP: 54/59 MP: 8/8
  3815 | D:5      | Reached skill level 10 in Unarmed Combat
  4036 | D:6      | Noticed Eustachio
  4039 | D:6      | Killed Eustachio
  4109 | D:6      | Reached skill level 5 in Fighting
  4629 | D:6      | Found a shimmering blue altar of Sif Muna.
  4970 | D:7      | Reached XP level 9. HP: 80/80 MP: 9/9
  5311 | D:7      | Reached *** piety under Wu Jian
  5629 | D:7      | Noticed Jeremiah
  5641 | D:7      | Killed Jeremiah
  6051 | D:7      | Found a hazy altar of Hepliaklqana.
  6589 | D:8      | Reached skill level 10 in Fighting
  6611 | D:8      | Reached skill level 4 in Shapeshifting
  6627 | D:8      | Reached skill level 5 in Shapeshifting
  6766 | D:8      | Found a staircase to the Lair.
  6927 | D:8      | Found a runed translucent door.
  6929 | D:8      | Found a runed translucent door.
  6940 | D:8      | Reached skill level 6 in Shapeshifting
  6944 | D:8      | Reached XP level 10. HP: 82/93 MP: 10/10
  7333 | D:8      | Noticed Maurice
  7342 | D:8      | Reached skill level 7 in Shapeshifting
  7343 | D:8      | Something stole a +6 ring of strength
  7344 | D:8      | Something stole a blade talisman
  7346 | D:8      | Something stole 3 javelins
  7349 | D:8      | Something stole an orb of energy
  7350 | D:8      | Something stole 508 gold
  7368 | D:8      | Killed Maurice
  7604 | D:9      | Found a radiant altar of Vehumet.
  7664 | D:9      | Noticed Psyche
  7668 | D:9      | Paralysed by Psyche for 1 turns
  7670 | D:9      | Killed Psyche
  7713 | D:9      | Found a hide-covered altar of Uskayaw.
  7716 | D:9      | Found a basalt altar of Yredelemnul.
  7755 | D:9      | Reached skill level 8 in Shapeshifting
  7797 | D:9      | Reached **** piety under Wu Jian
  7807 | D:9      | Reached skill level 9 in Shapeshifting
  7835 | D:9      | Reached skill level 10 in Shapeshifting
  8015 | D:9      | Noticed a cyclops
  8023 | D:9      | Killed a cyclops
  8231 | D:9      | Noticed an orc sorcerer
  8233 | D:9      | Killed an orc sorcerer
  8234 | D:9      | Reached XP level 11. HP: 99/99 MP: 11/11
  8245 | D:9      | Noticed a deep elf pyromancer
  8249 | D:9      | Noticed an orc sorcerer
  8256 | D:9      | Killed a deep elf pyromancer
  8256 | D:9      | Killed an orc sorcerer
  8257 | D:9      | Reached skill level 11 in Shapeshifting
  8268 | D:9      | Paralysed by a hornet for 3 turns
  8345 | D:9      | Noticed a boulder beetle
  8352 | D:9      | Killed a boulder beetle
  8604 | D:9      | Reached skill level 12 in Shapeshifting
  8663 | D:9      | Found Doczuum's Assorted Antiques.
  8676 | D:9      | Bought a potion of heal wounds for 120 gold pieces
  8676 | D:9      | Bought a scroll of fog for 96 gold pieces
  8676 | D:9      | Bought a scroll labelled PAXUS KEEMAS for 24 gold pieces
  8736 | D:9      | Found a staircase to the Orcish Mines.
  9030 | D:10     | Entered Level 10 of the Dungeon
  9048 | D:10     | Found a burning altar of Makhleb.
  9181 | D:10     | Reached skill level 13 in Shapeshifting
  9338 | D:10     | Found a snail-covered altar of Cheibriados.
  9343 | D:10     | Found a broken altar of Ashenzari.
  9343 | D:10     | Found a stormy altar of Qazlal.
  9519 | D:10     | Found Falopoh's Assorted Antiques.
  9593 | D:10     | Found a glowing silver altar of Zin.
  9768 | D:10     | Bought a scroll labelled COFEYS VOYRGHI for 34 gold pieces
  9768 | D:10     | Bought a scroll of identify for 68 gold pieces
  9768 | D:10     | Bought 3 scrolls of identify for 204 gold pieces
  9945 | D:11     | Noticed a two-headed ogre
  9952 | D:11     | Killed a two-headed ogre
 10044 | D:11     | Identified the +1 whip "Naff" {drain, rF+ rN+ rCorr Str+5}
 10089 | D:11     | Noticed Lodul
 10091 | D:11     | Reached XP level 12. HP: 94/106 MP: 12/12
 10092 | D:11     | Reached ***** piety under Wu Jian
 10100 | D:11     | Killed Lodul
 10101 | D:11     | Reached skill level 14 in Shapeshifting
 10767 | D:12     | Annihilated by a very large slime creature

Illustrated notes

Levels and vault maps discovered:
D:1:      dpeg_arrival_rooms_a, layout_loops_ring, serial_shops, shop
D:2:      layout_loops_ring, serial_shops, nicolae_diamond_shop, uniq_jessica
D:3:      layout_basic, uniq_grinder
D:4:      layout_loops_ring, minmay_temple_entry_tees, lightli_sewer_entry_pipes
D:5:      layout_gridville, gammafunk_ghost_split, hangedman_decor_growths,
          kennysheep_windowed_goal
D:6:      layout_basic, nicolae_sif_muna_little_library, uniq_eustachio
D:7:      layout_layer_cave, mainiacjoe_overflow_tiny_flanked,
          corexii_corridor_pit, glass_columns_c, uniq_jeremiah
D:8:      lemuel_insect_pit, layout_loops_ring, grunt_lair_entry_orc_guard_hut,
          uniq_maurice
D:9:      layout_roguey, vehumet_statue, nicolae_overflow_squiral, orc_0_dummy,
          serial_shops, nicolae_shop_tiny_waterfront, minmay_the_grid_2x2
          [minmay_the_grid_tri_star, minmay_the_grid_expand,
          minmay_the_grid_embedded, minmay_the_grid_prize_inner_circle],
          uniq_psyche
D:10:     layout_rooms, mainiacjoe_overflow_small_starburst, minitemple,
          zin_scriptorium, serial_shops, nicolae_inconvenience_store
D:11:     layout_gridville, bh_circular_ruins, uniq_lodul
D:12:     layout_rooms, serial_shops, shop
Temple:   minmay_temple_forest_path

Skill      XL: |  1  2  3  4  5  6  7  8  9 10 11 12 |
---------------+-------------------------------------+-----
Unarmed Combat | 4 5 6 8 9 10 | 10.0
Fighting       | 7 10 | 10.0
Shapeshifting  | 6 10 13 14 | 14.3
Dodging        | |  1.7

Action                     |  1- 3 |  4- 6 |  7- 9 | 10-12 || total
---------------------------+-------+-------+-------+-------++-------
  Melee: Unarmed           |    58 |   134 |   280 |   327 ||   799
         Tailslap          |     8 |    13 |    32 |    41 ||    94
         Punch             |     1 |     3 |    15 |     6 ||    25
  Throw: Boomerang         |    20 |    10 |     1 |       ||    31
         Dart              |     1 |       |       |       ||     1
Ability: Lunge             |       |     4 |    21 |    31 ||    56
         Breathe Fire      |       |       |    45 |    14 ||    59
         Whirlwind         |       |       |    42 |    56 ||    98
  Evoke: Wand              |       |       |       |     1 ||     1
    Use: Potion            |     1 |       |       |     3 ||     4
         Scroll            |       |     3 |     9 |    10 ||    22
   Stab: Sleeping          |     1 |       |       |       ||     1
 Armour: Skin              |    23 |    65 |   124 |   163 ||   375
  Dodge: Dodged            |    26 |    71 |   149 |   146 ||   392
   Form: Blade             |       |       |       |     1 ||     1
         Flux              |       |       |       |     1 ||     1

Table legend: (Time is in decaauts)
 A = Elapsed time spent in this place.
 B = Non-inter-level travel time spent in this place.
 C = Inter-level travel time spent in this place.
 D = Time resting spent in this place.
 E = Time spent auto-exploring this place.
 F = Levels seen in this place.
 G = Mean time per level.
                   A        B        C        D        E       F      G
               +--------+--------+--------+--------+--------+-----+--------+
         Total |  10744 |  10195 |    549 |    571 |   7691 |  14 |  767.4 |
       Dungeon |  10395 |   9959 |    436 |    571 |   7560 |  12 |  866.2 |
        Temple |    122 |      9 |    113 |      0 |      0 |   1 |  122.0 |
         Sewer |    226 |    226 |      0 |      0 |    131 |   1 |  226.0 |
               +--------+--------+--------+--------+--------+-----+--------+

Top non-repeatable levels by time:
     D:7: 1482 daAuts
     D:9: 1418 daAuts
     D:8: 1289 daAuts
     D:4: 1149 daAuts
     D:6: 982 daAuts
     D:1: 807 daAuts
    D:10: 804 daAuts
    D:11: 759 daAuts
     D:2: 709 daAuts
     D:3: 492 daAuts
     D:5: 341 daAuts
   Sewer: 226 daAuts
    D:12: 159 daAuts
  Temple: 122 daAuts
